 Dungeon Crawl Stone Soup version 0.20.1-1-g8b1a95d (webtiles) character file.

109 raph the Poker (level 4, -4/35 HPs)
             Began as a Merfolk Skald on Sept 21, 2017.
             Slain by Sigmund
             ... wielding a +0 scythe
              (10 damage)
             ... on level 3 of the Dungeon.
             The game lasted 00:04:49 (2285 turns).

raph the Poker (Merfolk Skald)                      Turns: 2285, Time: 00:04:49

Health: -4/35      AC:  3    Str: 11    XL:     4   Next: 90%
Magic:  1/7        EV: 13    Int: 12    God:
Gold:   46         SH:  0    Dex: 14    Spells: 2/7 levels left

rFire    + . .     SeeInvis .   a - +0 spear
rCold    . . .     Gourm    .   (no shield)
rNeg     . . .     Faith    .   b - +0 leather armour
rPois    .         Spirit   .   (no helmet)
rElec    .         Reflect  .   (no cloak)
rCorr    .         Harm     .   (no gloves)
MR       .....                  (no boots)
Stlth    +.........             (no amulet)
Regen    0.2/turn               f - ring of protection from fire
MPRegen  0.1/turn               (no ring)

@: confused, infused (expiring), very slightly contaminated
A: change form in water, swift swim, stealthy swim
a: no special abilities


You were on level 3 of the Dungeon.
You were not hungry.

You visited 1 branch of the dungeon, and saw 3 of its levels.

You collected 46 gold pieces.

Inventory:

Hand Weapons
 a - a +0 spear (weapon)
Armour
 b - a +0 leather armour (worn)
Jewellery
 f - a ring of protection from fire (left hand)
Scrolls
 g - 2 scrolls of noise {unknown}
 i - a scroll of blinking {unknown}
 k - 3 scrolls of identify {unknown}
 m - 2 scrolls of teleportation {unknown}
 n - a scroll of fear {unknown}
Potions
 e - 2 potions of haste {unknown}
 j - a potion of flight {unknown}
 o - a potion of resistance {unknown}
Books
 c - a book of Battle

   Spells                             Type                      Level
   a - Infusion                       Charms                       1
   b - Shroud of Golubria             Charms/Translocation         2
   c - Song of Slaying                Charms                       2
   d - Spectral Weapon                Hexes/Charms                 3
   e - Regeneration                   Charms/Necromancy            3
Comestibles
 d - 2 bread rations
 h - 11 fruits
 p - a meat ration


   Skills:
 + Level 3.2 Fighting
 * Level 4.3 Polearms
 - Level 1.0 Armour
 + Level 3.8 Dodging
 + Level 2.3 Spellcasting
 + Level 3.7 Charms


You had 2 spell levels left.
You knew the following spells:

 Your Spells              Type           Power        Failure   Level  Hunger
a - Infusion              Chrm           ##..         8%          1    ##.....
b - Song of Slaying       Chrm           ##......     12%         2    ###....
c - Shroud of Golubria    Chrm/Tloc      #.........   24%         2    ###....


Dungeon Overview and Level Annotations

Branches:
Dungeon (3/15)

Altars:

Annotations:
D:3 Sigmund


Message History

Sigmund is heavily wounded.
Sigmund points at you and mumbles some strange words.
The magic dart hits you!
Attack whom?
Press: ? - help, Dir - move target cursor, f/p - Sigmund
Aim: Sigmund, wielding a scythe and wearing a robe (heavily wounded, unusually agile)
You reach to attack!
You barely miss Sigmund.
Sigmund is heavily wounded.
Sigmund casts a spell at you.
You are confused.
Your magical infusion is running out.
Sigmund casts a spell.
Sigmund flickers and vanishes!
Deactivating autopickup; reactivate with Ctrl-A.
In your confused state, you trip and fall back down the stairs.
A magic dart appears from out of thin air!
The magic dart hits you!
* * * LOW HITPOINT WARNING * * *
Something hits you!
You die...

####
##...####
#@.{....#
##.#.##.#
... ..##
... .###
.. ##


There were no monsters in sight!

Vanquished Creatures
  Terence (D:2)
  3 adders (D:2)
  An ooze (D:2)
  2 worms (D:2)
  A dart slug (D:2)
  2 leopard geckos (D:2)
  3 giant cockroaches
  7 goblins
  4 hobgoblins
  3 jackals
  A kobold (D:2)
  A quokka (D:2)
  9 bats
  4 frilled lizards
  5 rats
47 creatures vanquished.

Notes
Turn   | Place    | Note
-------+----------+-------------------------------------------
     0 | D:1      | raph the Merfolk Skald began the quest for the Orb.
     0 | D:1      | Reached XP level 1. HP: 16/16 MP: 3/3
   233 | D:1      | Reached XP level 2. HP: 22/22 MP: 5/5
   237 | D:1      | Learned a level 2 spell: Song of Slaying
   240 | D:1      | Learned a level 2 spell: Shroud of Golubria
   960 | D:2      | Reached XP level 3. HP: 21/28 MP: 1/6
  1483 | D:2      | Reached XP level 4. HP: 35/35 MP: 4/7
  1555 | D:2      | Reached skill level 1 in Armour
  1941 | D:2      | Noticed Terence
  1943 | D:2      | Reached skill level 4 in Polearms
  2042 | D:2      | Killed Terence
  2262 | D:3      | Noticed Sigmund
  2285 | D:3      | Slain by Sigmund

Skill      XL: |  1  2  3  4 |
---------------+-------------+-----
Dodging        | 3 |  3.8
Fighting       | 3 |  3.2
Armour         | 1 |  1.0
Polearms       | 4 |  4.3
Spellcasting   | |  2.3
Charms         | |  3.7

Action                   |  1- 3 |  4- 6 || total
-------------------------+-------+-------++-------
Melee: Spear             |    98 |   107 ||   205
       Tailslap          |       |     1 ||     1
 Cast: Infusion          |    11 |     8 ||    19
       Song of Slaying   |     1 |     1 ||     2
       Shroud of Golubri |       |     1 ||     1
 Stab: Sleeping          |     1 |       ||     1
  Eat: Chunk             |     2 |     3 ||     5
Armor: Leather armour    |    15 |     6 ||    21
Dodge: Dodged            |    47 |    44 ||    91
